 Dungeon Crawl Stone Soup version 0.32-a0-871-ge202e49faa (webtiles) character file.

Game seed: 2503534464400399792

46 newsundrawnshadow the Ducker (level 3, 0/31 HPs)
             Began as a Troll Hedge Wizard on Mar 30, 2024.
             Slain by a gnoll
             ... wielding a +0 spear
              (6 damage)
             ... on level 2 of the Dungeon.
             The game lasted 00:09:16 (951 turns).

newsundrawnshadow the Ducker (Troll Hedge Wizard)    Turns: 951, Time: 00:09:17

Health: 0/31       AC:  4    Str: 18    XL:     3   Next: 46%
Magic:  5/5        EV:  9    Int: 12    God:
Gold:   70         SH:  0    Dex:  9    Spells: 5/6 levels left

rFire   . . .        q - +8 dagger of Jonof {heavy, *Noise rCorr SInv Stlth+}
rCold   . . .        (no shield)
rNeg    . . .        b - +0 robe
rPois   .            c - +0 hat
rElec   .            (no cloak)
rCorr   +            (gloves unavailable)
SInv    +            (boots unavailable)
Will    .....        (no amulet)
Stlth   ++           (no ring)
HPRegen 1.05/turn    (no ring)
MPRegen 0.09/turn

%: no passive effects
@: mighty
A: large, unfitting armour, claws 3, regeneration 1, shaggy fur 1, tough skin 1
a: no special abilities


You were on level 2 of the Dungeon.
You visited 1 branch of the dungeon, and saw 2 of its levels.

You collected 70 gold pieces.

Inventory:

Hand Weapons
 f - a +0 flail
 i - a +0 club
 q - the +8 dagger of Jonof (weapon) {heavy, *Noise rCorr SInv Stlth+}
   (You found it on level 2 of the Dungeon)

   SInv:      It lets you see invisible.
   *Noise:    It may make a loud noise when swung.
   rCorr:     It protects you from acid and corrosion.
   Stlth+:    It makes you more stealthy.
Missiles
 e - 8 stones
 h - 7 poisoned darts
Armour
 b - a +0 robe (worn)
 c - a +0 hat (worn)
 j - a +0 robe
 m - a +0 robe
Talismans
 g - a beast talisman
 l - a beast talisman
Potions
 a - 2 potions of degeneration {unknown}
 d - a potion of magic
 k - a potion of might
 p - a potion of curing


   Skills:
 + Level 0.2 Fighting
 + Level 1.2 Short Blades
 + Level 0.7 Maces & Flails
 + Level 2.2 Dodging
 + Level 1.1 Stealth
 + Level 2.0 Spellcasting
 + Level 0.6 Conjurations
 + Level 0.6 Summonings
 + Level 0.6 Translocations


You had 5 spell levels left.
You knew the following spells:

 Your Spells              Type           Power      Damage    Failure   Level
a - Magic Dart            Conj           8%         1d3       22%         1

Your spell library contained the following spells:

 Spells                   Type           Power      Damage    Failure   Level
 Slow                     Hex            4%         N/A       26%         1
 Blink                    Tloc           4%         N/A       32%         2
 Call Imp                 Summ           4%         N/A       32%         2
 Cigotuvi's Dreadful Rot  Necr/Alch/Air  2%         N/A       38%         2
 Mephitic Cloud           Conj/Alch/Air  1%         N/A       58%         3


Dungeon Overview and Level Annotations

Branches:
Dungeon (2/15)

Altars:


Innate Abilities, Weirdness & Mutations

You are too large for most types of armour.
You have claws for hands.
Your natural rate of healing is unusually fast.
You are covered in fur. (AC +1)
You have tough skin. (AC +1)


Message History

As you open the door, it creaks loudly!
You hear a shout! x3
A bat comes into view.
A gnoll comes into view. It is wielding a +0 whip.
There is an open door here. 2 gnolls come into view.
The gnoll shouts!
You hear a shout!
The bat hits you.
A gnoll comes into view. It is wielding a +0 spear.
The bat hits you but does no damage.
The gnoll moves out of view.
A giant cockroach comes into view.
The gnoll shouts!
You puncture the gnoll!
The gnoll is almost dead.
The bat closely misses you. The gnoll barely misses you.
The gnoll hits you with a +0 whip. The bat hits you but does no damage.
The gnoll hits you from afar with a +0 spear.
A hobgoblin comes into view.
The gnoll hits you with a +0 whip. x2
You hit the gnoll.
You kill the gnoll!
The bat closely misses you. The bat barely misses you.
The gnoll hits you from afar with a +0 spear!
You hit the gnoll.
The gnoll is moderately wounded.
The bat hits you but does no damage. The gnoll barely misses you.
The gnoll hits you with a +0 whip!
* * * LOW HITPOINT WARNING * * *
You feel very mighty all of a sudden. The bat hits you but does no damage.
The gnoll barely misses you. The gnoll completely misses you.
The gnoll barely misses you.
The giant cockroach completely misses you.
The bat barely misses you. The gnoll attacks as it pursues you!
The gnoll hits you from afar with a +0 spear.
* * * LOW HITPOINT WARNING * * *
The gnoll closely misses you. The bat closely misses you.
The giant cockroach attacks as it pursues you!
The giant cockroach bites you but does no damage.
You barely miss the bat. The bat closely misses you.
The gnoll hits you from afar with a +0 spear.
You die...

#########.####... # #.#
.. ## # #.# # .. # ##+##
### #. # ##...## #.. . #
##.....## #.#.# ##. ###
##.......## #.#.#....
..###.........###)g..##..
....'.........b.@B.gg....
..###.........###g...##..
#.# ##.......## #........
#.# ##.....## #######.#
#.# ##...## . #.# ##+##
#.# ..#


You could see 3 gnolls, a giant cockroach, a hobgoblin and a bat.

Vanquished Creatures
  A gnoll (D:2)
  An adder (D:2)
  An endoplasm (D:1)
  6 hobgoblins
  3 quokkas (D:1)
  3 ball pythons (D:1)
  4 bats
  4 frilled lizards (D:1)
  3 goblins
  A rat (D:1)
27 creatures vanquished.

Notes
Turn   | Place    | Note
-------+----------+-------------------------------------------
     0 | D:1      | newsundrawnshadow the Troll Hedge Wizard began the quest
                  | for the Orb.
     0 | D:1      | Reached XP level 1. HP: 16/16 MP: 2/2
   403 | D:1      | Reached XP level 2. HP: 24/24 MP: 4/4
   551 | D:1      | Reached skill level 1 in Short Blades
   812 | D:2      | Identified the +8 dagger of Jonof {heavy, *Noise rCorr SInv
                  | Stlth+}
   865 | D:2      | Reached XP level 3. HP: 31/31 MP: 5/5
   951 | D:2      | Slain by a gnoll

Illustrated notes

Levels and vault maps discovered:
D:1:      dpeg_arrival_rhombi, layout_loops_ring, minmay_stone_trees_large
D:2:      layout_loops_corners, ebering_ecumenical_altar_sacrificial

Skill      XL: |  1  2 |
---------------+-------+-----
Dodging        | 2 |  2.2
Short Blades   | 1 |  1.2
Fighting       | |  0.2
Maces & Flails | |  0.7
Stealth        | |  1.1
Spellcasting   | |  2.0
Conjurations   | |  0.6
Summonings     | |  0.6
Translocations | |  0.6

Action                     || total
---------------------------++-------
  Melee: Dagger            ||    77
         Club              ||   104
    Use: Scroll            ||     4
         Potion            ||     1
   Stab: Sleeping          ||     3
 Armour: Robe              ||   143
  Dodge: Dodged            ||   119

Table legend: (Time is in decaauts)
 A = Elapsed time spent in this place.
 B = Non-inter-level travel time spent in this place.
 C = Inter-level travel time spent in this place.
 D = Time resting spent in this place.
 E = Time spent auto-exploring this place.
 F = Levels seen in this place.
 G = Mean time per level.
                   A        B        C        D        E       F      G
               +--------+--------+--------+--------+--------+-----+--------+
         Total |    982 |    374 |    608 |      0 |      0 |   2 |  491.0 |
       Dungeon |    982 |    374 |    608 |      0 |      0 |   2 |  491.0 |
               +--------+--------+--------+--------+--------+-----+--------+

Top non-repeatable levels by time:
     D:1: 824 daAuts
     D:2: 157 daAuts
